SL
LONG ISLAND LIGHTHOUSE @ D.C. DIVIDED
08/07/2042
 
TOP OF THE 1ST
Long Island Lighthouse batting - Pitching for D.C. Divided : RHP Eric Colquhoun
Pitching: RHP Eric Colquhoun
Batting: RHB Eugene Bennett 0-0: Swinging Strike
0-1: Ball
1-1: SINGLE (Line Drive, 6MD, EV 95.6 MPH)
Batting: RHB Mark Toope 0-0: Ball
1-0: Called Strike
1-1: Fly out, F7 (Flyball, 7S, EV 95.0 MPH)
Batting: RHB Jonas van Claveren 0-0: Ball
1-0: Ball
2-0: Ground out 4-3 (Groundball, 4S, EV 90.6 MPH)
Eugene Bennett to second
Batting: LHB Scott Kerin 0-0: Called Strike
0-1: Ball
1-1: Ball
2-1: Called Strike
2-2: Ball
3-2: Base on Balls
Batting: RHB Iiri Haapajarvi 0-0: Ball
1-0: Ball
2-0: Fly out, F7 (Flyball, 78S, EV 78.8 MPH)
Top of the 1st over - 0 runs, 1 hit, 0 errors, 2 left on base; Long Island 0 - D.C. 0
BOTTOM OF THE 1ST
D.C. Divided batting - Pitching for Long Island Lighthouse : RHP Nolan Howard
Pitching: RHP Nolan Howard
Batting: RHB Kimi Okubo 0-0: Called Strike
0-1: Foul Ball, location: 2F
0-2: SINGLE (Groundball, 6MD, EV 106.9 MPH)
Batting: RHB Peni Ferede 0-0: Ball
1-0: Ball
2-0: Grounds into double play, 4-6-3 (Groundball, 4, EV 96.2 MPH)
Batting: RHB Martín Chávez 0-0: Ball
1-0: Swinging Strike
1-1: Ball
2-1: Ball
3-1: Called Strike
3-2: Strikes out looking
Bottom of the 1st over - 0 runs, 1 hit, 0 errors, 0 left on base; Long Island 0 - D.C. 0
TOP OF THE 2ND
Long Island Lighthouse batting - Pitching for D.C. Divided : RHP Eric Colquhoun
Batting: RHB Colm Goodwill 0-0: Foul Ball, location: 2F
0-1: Swinging Strike
0-2: Ball
1-2: Foul Ball, location: 2F
1-2: Ball
2-2: Ground out 5-3 (Groundball, 56, EV 89.4 MPH)
Batting: RHB Oliver Villalva 0-0: Ball
1-0: Foul Ball, location: 2F
1-1: Swinging Strike
1-2: Ball
2-2: Strikes out swinging
Batting: RHB Quan Easterling 0-0: Ball
1-0: Ball
2-0: Ball
3-0: Called Strike
3-1: Swinging Strike
3-2: Strikes out swinging
Top of the 2nd over - 0 runs, 0 hits, 0 errors, 0 left on base; Long Island 0 - D.C. 0
BOTTOM OF THE 2ND
D.C. Divided batting - Pitching for Long Island Lighthouse : RHP Nolan Howard
Batting: RHB Francisco Alhama 0-0: Ball
1-0: Ball
2-0: SINGLE (Groundball, 3D, EV 95.6 MPH)
Batting: SHB Billy Dotson 0-0: Ball
1-0: Ball
2-0: Ball
3-0: Called Strike
3-1: Fielders Choice at 2nd, 5-4 (Groundball, 56, EV 78.8 MPH)
Batting: LHB Manuel Carmona 0-0: Called Strike
0-1: Foul Ball, location: 2F
0-2: Ball
1-2: Foul Ball, location: 2F
1-2: Strikes out swinging
Batting: RHB Layton Arntsen 0-0: Ground out 1-3 (Groundball, P, EV 88.1 MPH)
Bottom of the 2nd over - 0 runs, 1 hit, 0 errors, 1 left on base; Long Island 0 - D.C. 0
TOP OF THE 3RD
Long Island Lighthouse batting - Pitching for D.C. Divided : RHP Eric Colquhoun
Batting: RHB Carlos Mendoza 0-0: Swinging Strike
0-1: Fly out, F9 (Flyball, 9D, EV 99.4 MPH)
Batting: RHB Eugene Bennett 0-0: Ball
1-0: Ball
2-0: Ball
3-0: Base on Balls
Batting: RHB Mark Toope 0-0: Called Strike
Eugene Bennett is caught stealing 2nd base 2-4
0-1: Ball
1-1: Ball
2-1: Foul Ball, location: 2F
2-2: Foul Ball, location: 2F
2-2: Fly out, F9 (Flyball, 9LMF, EV 98.8 MPH)
Top of the 3rd over - 0 runs, 0 hits, 0 errors, 0 left on base; Long Island 0 - D.C. 0
BOTTOM OF THE 3RD
D.C. Divided batting - Pitching for Long Island Lighthouse : RHP Nolan Howard
Batting: LHB Bill Butler 0-0: Foul Ball, location: 2F
0-1: Called Strike
0-2: Foul Ball, location: 2F
0-2: SINGLE (Groundball, 34D, EV 106.9 MPH)
Batting: RHB Charles Atkinson 0-0: Ball
1-0: Called Strike
1-1: Foul Ball, location: 2F
1-2: Ball
2-2: Foul Ball, location: 2F
2-2: Fielders Choice at 2nd, 1-4 (Groundball, P, EV 66.9 MPH)
Batting: RHB Kimi Okubo 0-0: Ball
1-0: Called Strike
1-1: Ball
2-1: Called Strike
2-2: Ball
3-2: Base on Balls
Charles Atkinson to second
Batting: RHB Peni Ferede 0-0: Swinging Strike
0-1: Ball
1-1: Foul Ball, location: 2F
1-2: Strikes out swinging
Batting: RHB Martín Chávez 0-0: Ball
1-0: SINGLE (Groundball, 56D, EV 97.5 MPH)
Charles Atkinson to third
Kimi Okubo to second
Runner from 3rd tries for Home, SAFE, throw by LF to home
Batting: RHB Francisco Alhama 0-0: Fly out, F7 (Flyball, 7D, EV 97.5 MPH)
Bottom of the 3rd over - 1 run, 2 hits, 0 errors, 2 left on base; Long Island 0 - D.C. 1
TOP OF THE 4TH
Long Island Lighthouse batting - Pitching for D.C. Divided : RHP Eric Colquhoun
Batting: RHB Jonas van Claveren 0-0: Ball
1-0: Swinging Strike
1-1: Ball
2-1: Ground out 4-3 (Groundball, 4S, EV 85.0 MPH)
Batting: LHB Scott Kerin 0-0: Foul Ball, location: 2F
0-1: Ground out 4-3 (Groundball, 4, EV 86.9 MPH)
Batting: RHB Iiri Haapajarvi 0-0: Called Strike
0-1: Foul Ball, location: 2F
0-2: Foul Ball, location: 2F
0-2: Strikes out swinging
Top of the 4th over - 0 runs, 0 hits, 0 errors, 0 left on base; Long Island 0 - D.C. 1
BOTTOM OF THE 4TH
D.C. Divided batting - Pitching for Long Island Lighthouse : RHP Nolan Howard
Batting: SHB Billy Dotson 0-0: Ball
1-0: Fly out, F8 (Flyball, 8LD, EV 108.1 MPH)
Batting: LHB Manuel Carmona 0-0: Called Strike
0-1: Ground out 6-3 (Groundball, 6, EV 90.6 MPH)
Batting: RHB Layton Arntsen 0-0: Ball
1-0: Ground out 6-3 (Groundball, 6, EV 89.4 MPH)
Bottom of the 4th over - 0 runs, 0 hits, 0 errors, 0 left on base; Long Island 0 - D.C. 1
TOP OF THE 5TH
Long Island Lighthouse batting - Pitching for D.C. Divided : RHP Eric Colquhoun
Batting: RHB Colm Goodwill 0-0: Ball
1-0: Ball
2-0: Ball
3-0: Called Strike
3-1: Base on Balls
Batting: RHB Oliver Villalva 0-0: Sac Bunt to 15S - play at first, batter OUT! 1-4
Colm Goodwill to second
Batting: RHB Quan Easterling 0-0: Ball
1-0: Ball
2-0: Ball
3-0: Called Strike
3-1: Called Strike
3-2: Strikes out swinging
Batting: RHB Carlos Mendoza 0-0: Fly out, F4 (Popup, 23, EV 81.9 MPH)
Top of the 5th over - 0 runs, 0 hits, 0 errors, 1 left on base; Long Island 0 - D.C. 1
BOTTOM OF THE 5TH
D.C. Divided batting - Pitching for Long Island Lighthouse : RHP Nolan Howard
Batting: LHB Bill Butler 0-0: Swinging Strike
0-1: Called Strike
0-2: Ball
1-2: Fly out, F9 (Flyball, 89D, EV 104.4 MPH)
Batting: RHB Charles Atkinson 0-0: Foul Ball, location: 2F
0-1: Ball
1-1: Ball
2-1: Ground out 5-3 (Groundball, 56, EV 87.5 MPH)
Batting: RHB Kimi Okubo 0-0: Called Strike
0-1: Ball
1-1: Swinging Strike
1-2: Strikes out swinging
Bottom of the 5th over - 0 runs, 0 hits, 0 errors, 0 left on base; Long Island 0 - D.C. 1
TOP OF THE 6TH
Long Island Lighthouse batting - Pitching for D.C. Divided : RHP Eric Colquhoun
Batting: RHB Eugene Bennett 0-0: Called Strike
0-1: SINGLE (Groundball, 56D, EV 101.2 MPH)
Batting: RHB Mark Toope 0-0: Called Strike
0-1: Ball
1-1: Bunted foul
1-2: Fly out, F7 (Flyball, 7, EV 91.2 MPH)
Batting: RHB Jonas van Claveren 0-0: Ball
1-0: Called Strike
1-1: Ball
2-1: Ball
3-1: Foul Ball, location: 2F
3-2: Base on Balls
Eugene Bennett to second
Batting: LHB Scott Kerin 0-0: Ball
1-0: Ball
2-0: Foul Ball, location: 2F
2-1: Called Strike
2-2: Strikes out swinging
Batting: RHB Iiri Haapajarvi 0-0: Ball
1-0: Called Strike
1-1: Foul Ball, location: 2F
1-2: Strikes out swinging passed ball, reaches first!
Eugene Bennett to third
Jonas van Claveren to second
Batting: RHB Colm Goodwill 0-0: Called Strike
0-1: Ball
1-1: Ball
2-1: GRAND SLAM HOME RUN (Flyball, 78XD, EV 102.5 MPH), Distance : 443 ft
Batting: RHB Oliver Villalva 0-0: Called Strike
0-1: SOLO HOME RUN (Line Drive, 7D, EV 102.5 MPH), Distance : 405 ft
Pitching: RHP José Hernández
Batting: RHB Quan Easterling 0-0: Foul Ball, location: 2F
0-1: Called Strike
0-2: Ball
1-2: SINGLE (Groundball, 4MD, EV 104.4 MPH)
Batting: RHB Carlos Mendoza 0-0: Ball
1-0: SINGLE (Flyball, 7S, EV 88.1 MPH)
Quan Easterling to second
Batting: RHB Eugene Bennett 0-0: Fly out, F7 (Flyball, 78XD, EV 93.8 MPH)
Top of the 6th over - 5 runs, 5 hits, 0 errors, 2 left on base; Long Island 5 - D.C. 1
BOTTOM OF THE 6TH
D.C. Divided batting - Pitching for Long Island Lighthouse : RHP Nolan Howard
Batting: RHB Peni Ferede 0-0: Called Strike
0-1: Foul Ball, location: 2F
0-2: Ball
1-2: Ball
2-2: Strikes out swinging
Batting: RHB Martín Chávez 0-0: Called Strike
0-1: Ball
1-1: Ball
2-1: DOUBLE (Groundball, 5L, EV 108.1 MPH)
Batting: RHB Francisco Alhama 0-0: Ball
Martín Chávez steals 3rd base
1-0: Foul Ball, location: 2F
1-1: Foul Ball, location: 2F
1-2: Foul Ball, location: 2F
1-2: Ball
2-2: Ball
3-2: Foul Ball, location: 2F
3-2: Fly out, F8 (Line Drive, 8LD, EV 97.5 MPH)
Runner from 3rd tags up, SCORES, no throw by CF
Batting: SHB Billy Dotson 0-0: Foul Ball, location: 2F
0-1: Called Strike
0-2: Strikes out looking
Bottom of the 6th over - 1 run, 1 hit, 0 errors, 0 left on base; Long Island 5 - D.C. 2
TOP OF THE 7TH
Long Island Lighthouse batting - Pitching for D.C. Divided : RHP José Hernández
Batting: RHB Mark Toope 0-0: Ball
1-0: Swinging Strike
1-1: Foul Ball, location: 2F
1-2: Ball
2-2: Ground out 4-3 (Groundball, 4, EV 86.9 MPH)
Batting: RHB Jonas van Claveren 0-0: Called Strike
0-1: Foul Ball, location: 2F
0-2: Fly out, F7 (Flyball, 7LDF, EV 105.6 MPH)
Batting: LHB Scott Kerin 0-0: Ball
1-0: Foul Ball, location: 2F
1-1: Called Strike
1-2: Ball
2-2: Ball
3-2: Base on Balls
Batting: RHB Iiri Haapajarvi 0-0: Ball
1-0: Called Strike
1-1: Ball
2-1: Swinging Strike
2-2: Foul Ball, location: 2F
2-2: Strikes out looking
Top of the 7th over - 0 runs, 0 hits, 0 errors, 1 left on base; Long Island 5 - D.C. 2
BOTTOM OF THE 7TH
D.C. Divided batting - Pitching for Long Island Lighthouse : RHP Nolan Howard
Batting: LHB Manuel Carmona 0-0: Ball
1-0: Called Strike
1-1: Ground out 1-3 (Groundball, 13, EV 71.2 MPH)
Batting: RHB Layton Arntsen 0-0: Ball
1-0: Ball
2-0: Ball
3-0: Base on Balls
Batting: LHB Bill Butler 0-0: Ball
1-0: Foul Ball, location: 2F
1-1: Called Strike
1-2: Foul Ball, location: 2F
1-2: Ground out 5-3 (Groundball, 5L, EV 103.1 MPH)
Layton Arntsen to second
Batting: RHB Charles Atkinson 0-0: Foul Ball, location: 2F
0-1: Ball
1-1: Ball
2-1: Ball
3-1: DOUBLE (Groundball, 3L, EV 110.6 MPH)
Layton Arntsen scores
Batting: RHB Kimi Okubo 0-0: Ball
1-0: Foul Ball, location: 2F
1-1: Ball
2-1: Called Strike
2-2: Strikes out looking
Bottom of the 7th over - 1 run, 1 hit, 0 errors, 1 left on base; Long Island 5 - D.C. 3
TOP OF THE 8TH
Long Island Lighthouse batting - Pitching for D.C. Divided : RHP José Hernández
Batting: RHB Colm Goodwill 0-0: Foul Ball, location: 2F
0-1: Called Strike
0-2: Ball
1-2: Ball
2-2: SINGLE (Popup, 34D, EV 50.6 MPH)
Batting: RHB Oliver Villalva 0-0: Sac Bunt to 13 - play at first, batter OUT! 1-3
Colm Goodwill to second
Pitching: RHP José Quiñones
Batting: RHB Quan Easterling 0-0: Ball
1-0: Foul Ball, location: 2F
1-1: Swinging Strike
1-2: Foul Ball, location: 2F
1-2: Strikes out swinging
Batting: RHB Carlos Mendoza 0-0: Fly out, F8 (Flyball, 8RXD, EV 102.5 MPH)
Top of the 8th over - 0 runs, 1 hit, 0 errors, 1 left on base; Long Island 5 - D.C. 3
BOTTOM OF THE 8TH
D.C. Divided batting - Pitching for Long Island Lighthouse : RHP Nolan Howard
Batting: RHB Peni Ferede 0-0: Called Strike
0-1: Called Strike
0-2: Ball
1-2: Strikes out swinging
Pitching: RHP Mac Hippenhammer
Batting: RHB Martín Chávez 0-0: Ground out 6-3 (Groundball, 6, EV 113.1 MPH)
Batting: RHB Francisco Alhama 0-0: Ball
1-0: Ball
2-0: Fly out, F9 (Flyball, 9S, EV 90.0 MPH)
Bottom of the 8th over - 0 runs, 0 hits, 0 errors, 0 left on base; Long Island 5 - D.C. 3
TOP OF THE 9TH
Long Island Lighthouse batting - Pitching for D.C. Divided : RHP José Quiñones
Batting: RHB Eugene Bennett 0-0: Foul Ball, location: 2F
0-1: Swinging Strike
0-2: SINGLE (Line Drive, 8RS, EV 98.8 MPH)
Batting: RHB Mark Toope 0-0: Ball
1-0: Ball
2-0: Called Strike
2-1: Ball
3-1: Base on Balls
Eugene Bennett to second
Batting: RHB Jonas van Claveren 0-0: Called Strike
0-1: Called Strike
0-2: Ball
1-2: Ball
2-2: Ball
3-2: Fielders Choice at 2nd, 1-4 (Groundball, P, EV 90.0 MPH)
Eugene Bennett to third
Batting: LHB Scott Kerin 0-0: Called Strike
0-1: Swinging Strike
0-2: Strikes out swinging
Batting: RHB Iiri Haapajarvi 0-0: Called Strike
0-1: Ground out 6-3 (Groundball, 6S, EV 70.6 MPH)
Top of the 9th over - 0 runs, 1 hit, 0 errors, 2 left on base; Long Island 5 - D.C. 3
BOTTOM OF THE 9TH
D.C. Divided batting - Pitching for Long Island Lighthouse : RHP Mac Hippenhammer
Pitching: RHP Carlos Rodríguez
Batting: SHB Billy Dotson 0-0: Foul Ball, location: 2F
0-1: Ball
1-1: Called Strike
1-2: Ground out 1-3 (Groundball, 13, EV 63.8 MPH)
Batting: LHB Manuel Carmona 0-0: Ball
1-0: Ball
2-0: Called Strike
2-1: Ball
3-1: Base on Balls
Pinch Hitting: LHB Buddy Patton 0-0: Ball
1-0: Ball
2-0: Called Strike
2-1: Foul Ball, location: 2F
2-2: Strikes out looking
Batting: LHB Bill Butler 0-0: Ball
1-0: Ball
2-0: Foul Ball, location: 2F
2-1: Ball
3-1: Called Strike
3-2: 2-RUN HOME RUN (Flyball, 7LD, EV 103.1 MPH), Distance : 357 ft
Batting: RHB Charles Atkinson 0-0: Ball
1-0: Ball
2-0: Fly out, F4 (Popup, 34, EV 62.5 MPH)
Bottom of the 9th over - 2 runs, 1 hit, 0 errors, 0 left on base; Long Island 5 - D.C. 5
TOP OF THE 10TH
Long Island Lighthouse batting - Pitching for D.C. Divided : RHP José Quiñones
Pitching: RHP Sidney Crosbie
Now at C: Germán Pérez
Batting: RHB Colm Goodwill 0-0: Ball
1-0: Foul Ball, location: 2F
1-1: Ball
2-1: Ball
3-1: Base on Balls
Batting: RHB Oliver Villalva 0-0: Bunted foul
0-1: Sac Bunt to 23 - play at first, batter OUT! 3-4
Colm Goodwill to second
Batting: RHB Quan Easterling 0-0: Foul Ball, location: 2F
0-1: Ball
1-1: Foul Ball, location: 2F
1-2: Ball
2-2: Strikes out swinging
Batting: RHB Carlos Mendoza 0-0: Ball
1-0: Ground out 4-3 (Groundball, 4M, EV 85.0 MPH)
Top of the 10th over - 0 runs, 0 hits, 0 errors, 1 left on base; Long Island 5 - D.C. 5
BOTTOM OF THE 10TH
D.C. Divided batting - Pitching for Long Island Lighthouse : RHP Carlos Rodríguez
Batting: RHB Kimi Okubo 0-0: Foul Ball, location: 2F
0-1: Foul Ball, location: 2F
0-2: Ball
1-2: Ball
2-2: SINGLE (Groundball, 6MD, EV 99.4 MPH)
Batting: RHB Peni Ferede 0-0: Called Strike
Kimi Okubo steals 2nd base (no throw)
0-1: Foul Ball, location: 2F
0-2: Ball
1-2: Strikes out looking
Batting: RHB Martín Chávez 0-0: Called Strike
0-1: Ground out 5-3 (Groundball, 56, EV 98.8 MPH)
Batting: RHB Francisco Alhama 0-0: Ball
1-0: Called Strike
1-1: Swinging Strike
1-2: Ground out 6-3 (Groundball, 6, EV 76.9 MPH)
Bottom of the 10th over - 0 runs, 1 hit, 0 errors, 1 left on base; Long Island 5 - D.C. 5
TOP OF THE 11TH
Long Island Lighthouse batting - Pitching for D.C. Divided : RHP Sidney Crosbie
Pitching: RHP Kent Martin
Batting: RHB Eugene Bennett 0-0: Ground out 6-3 (Groundball, 6, EV 79.4 MPH)
Batting: RHB Mark Toope 0-0: Foul Ball, location: 2F
0-1: Fly out, F8 (Flyball, 8LD, EV 105.0 MPH)
Batting: RHB Jonas van Claveren 0-0: Called Strike
0-1: SINGLE (Groundball, 56D, EV 102.5 MPH)
Batting: LHB Scott Kerin 0-0: Ball
1-0: Foul Ball, location: 2F
1-1: Called Strike
Jonas van Claveren steals 2nd, throwing error, E2
Jonas van Claveren to third
1-2: Ball
2-2: Ball
3-2: Intentional Walk
Batting: RHB Iiri Haapajarvi 0-0: Ball
1-0: Foul Ball, location: 2F
1-1: DOUBLE (Line Drive, 7LM, EV 85.6 MPH)
Jonas van Claveren scores
Scott Kerin to third
Runner from 3rd tries for Home, SAFE, throw by LF to home
Batting: RHB Colm Goodwill 0-0: Fly out, F7 (Flyball, 7LMF, EV 88.1 MPH)
Top of the 11th over - 2 runs, 2 hits, 1 error, 1 left on base; Long Island 7 - D.C. 5
BOTTOM OF THE 11TH
D.C. Divided batting - Pitching for Long Island Lighthouse : RHP Carlos Rodríguez
Pitching: RHP Jorge Villanueva
Batting: SHB Billy Dotson 0-0: Called Strike
0-1: SINGLE (Line Drive, 8LS, EV 100.0 MPH)
Batting: LHB Manuel Carmona 0-0: Foul Ball, location: 2F
0-1: Fielders Choice at 2nd, 3-6 (Groundball, 34, EV 107.5 MPH)
Pinch Hitting: LHB Jaako Haavisto 0-0: Ball
1-0: Swinging Strike
1-1: Ball
2-1: Foul Ball, location: 2F
2-2: Grounds into double play, 5-4-3 (Groundball, 5, EV 105.6 MPH)
Bottom of the 11th over - 0 runs, 1 hit, 0 errors, 0 left on base; Long Island 7 - D.C. 5
Friday, March 26th, 2021 - OOTP Baseball 20.8 Build 74